 Dungeon Crawl Stone Soup version 0.32-a0-607-g64ea0e4219 (webtiles) character file.

Game seed: 1698484218037211792

71022 FIREandBLOOD the Stormcaller (level 15, 88/88 HPs)
             Began as a Tengu Conjurer on Nov 4, 2023.
             Was a High Priest of Vehumet.
             Quit the game on level 2 of the Swamp on Mar 4, 2024.
             The game lasted 03:12:53 (29026 turns).

FIREandBLOOD the Stormcaller (Tengu Conjurer)      Turns: 29026, Time: 03:12:53

Health: 88/88      AC: 13    Str:  8    XL:     15   Next: 35%
Magic:  33/33      EV: 33    Int: 25    God:    Vehumet [*****.]
Gold:   1511       SH:  0    Dex: 16    Spells: 9/40 levels left

rFire   + . .        i - +1 short sword (venom)
rCold   + . .        (no shield)
rNeg    . . .        a - +0 swamp dragon scales
rPois   +            (helmet restricted)
rElec   .            g - +1 cloak
rCorr   .            K - +2 pair of gloves
SInv    .            (boots unavailable)
Will    +....        N - amulet of magic regeneration
Stlth   +            v - ring of protection from fire
HPRegen 0.34/turn    j - ring of Wahid {Wiz rC+ Dex+3 Slay-3}
MPRegen 0.23/turn

%: acrobat, wizardry (x1)
@: acrobatic, flying
A: beak, talons 3, evasive flight, acrobatic
a: Renounce Religion


You were on level 2 of the Swamp.
You worshipped Vehumet.
Vehumet was extremely pleased with you.
You visited 4 branches of the dungeon, and saw 22 of its levels.
You also visited: Ossuary.

You collected 1693 gold pieces.
You spent 182 gold pieces at shops.

Inventory:

Hand Weapons
 i - a +1 short sword of venom (weapon)
Armour
 a - +0 swamp dragon scales (worn)
 g - a +1 cloak (worn)
 K - a +2 pair of gloves (worn)
Magical Staves
 h - a staff of alchemy
Jewellery
 j - the ring of Wahid (right hand) {Wiz rC+ Dex+3 Slay-3}
   (You found it on level 2 of the Dungeon)

   [ring of wizardry]

   Wiz:       It improves your spell success rate.
   Dex+3:     It affects your dexterity (+3).
   Slay-3:    It affects your accuracy & damage with ranged weapons and melee
   (-3).
   rC+:       It protects you from cold.
 v - a ring of protection from fire (left hand)
 F - a +5 ring of evasion
 G - a +5 ring of evasion
 L - an amulet of guardian spirit
 M - a +6 ring of intelligence
 N - an amulet of magic regeneration (around neck)
 U - a ring of magical power
 V - a +4 ring of protection
 W - an amulet of reflection
 X - a ring of ice
Wands
 f - a wand of acid (7)
 l - a wand of paralysis (36)
 y - a wand of iceblast (28)
 B - a wand of polymorph (13)
 D - a wand of flame (32)
 O - a wand of digging (7)
 Y - a wand of mindburst (8)
Scrolls
 d - 3 scrolls of enchant armour
 k - 3 scrolls of amnesia
 m - 3 scrolls of revelation
 n - 6 scrolls of enchant weapon
 p - 8 scrolls of teleportation
 q - a scroll of poison
 s - a scroll of fog
 T - a scroll of fear
Potions
 b - 3 potions of magic
 c - 6 potions of curing
 e - 4 potions of heal wounds
 o - a potion of mutation
 r - 3 potions of might
 t - a potion of lignification
 w - 2 potions of haste
 z - 4 potions of brilliance
 A - 3 potions of resistance
 C - a potion of berserk rage {unknown}
 E - 3 potions of invisibility
 H - 4 potions of enlightenment
 J - 2 potions of ambrosia
 Q - a potion of cancellation {unknown}


   Skills:
 - Level 8.0 Fighting
 * Level 3.0 Armour
 - Level 10.0 Dodging
 - Level 2.0 Stealth
 - Level 13.0 Spellcasting
 - Level 9.0 Conjurations
 - Level 7.3 Summonings
 - Level 10.1 Fire Magic
 + Level 4.8 Ice Magic
 - Level 15.0 Air Magic
 - Level 5.4 Alchemy
 + Level 6.3 Evocations


You had 9 spell levels left.
You knew the following spells:

 Your Spells              Type           Power      Damage    Failure   Level
a - Magic Dart            Conj           100%       1d8       1%          1
b - Searing Ray           Conj           100%       2d8       1%          2
c - Fulminant Prism       Conj/Alch      25%        3d14      1%          4
d - Summon Lightning Spi  Summ/Air       64%        N/A       1%          4
e - Plasma Beam           Fire/Air       34%        2x1d47    1%          6
f - Arcjolt               Conj/Air       33%        1d43      1%          5
g - Olgreb's Toxic Radia  Alch           43%        N/A       1%          4
h - Freezing Cloud        Conj/Ice/Air   29%        6-21      1%          5

Your spell library contained the following spells:

 Spells                   Type           Power      Damage    Failure   Level
 Freeze                   Ice            100%       1d10      1%          1
 Momentum Strike          Conj/Tloc      76%        3d10      1%          2
 Call Canine Familiar     Summ           52%        N/A       1%          3
 Dazzling Flash           Conj/Hex       76%        N/A       1%          3
 Frozen Ramparts          Ice            80%        1d13      1%          3
 Hailstorm                Conj/Ice       50%        3d10      1%          3
 Iskenderun's Mystic Bla  Conj/Tloc      38%        2d9       1%          4
 Vhi's Electric Charge    Tloc/Air       100%       N/A       1%          4
 Irradiate                Conj/Alch      25%        3d20      1%          5
 Necrotise                Necr           64%        1d7       4%          1
 Blink                    Tloc           32%        N/A       6%          2
 Lesser Beckoning         Tloc           32%        N/A       6%          2
 Sublimation of Blood     Necr           16%        N/A       6%          2
 Animate Armour           Summ/Erth      68%        N/A       9%          4
 Sigil of Binding         Hex            16%        N/A       12%         3
 Vampiric Draining        Necr           16%        2d7       12%         3
 Leda's Liquefaction      Alch/Erth      14%        N/A       14%         4
 Petrify                  Alch/Erth      29%        N/A       14%         4
 Eringya's Noxious Bog    Alch           21%        4d6       16%         6
 Lee's Rapid Deconstruct  Erth           8%         3d7*      26%         5
 Summon Forest            Summ/Tloc      17%        N/A       26%         5
 Dimensional Bullseye     Hex/Tloc       8%         N/A       38%         4
 Curse of Agony           Necr           16%        N/A       71%         5
 Summon Hydra             Summ           26%        N/A       83%         7
 Chain Lightning          Conj/Air       33%        3d44      99%         9
 Fire Storm               Conj/Fire      29%        8d8       99%         9
 Shatter                  Erth           8%         3d10*     99%         9


Dungeon Overview and Level Annotations

Branches:
Dungeon (13/15)            Temple (0/1) D:7            Lair (5/5) D:8
  Swamp (2/4) Lair:2        Snake (0/4) Lair:2        Slime (0/5) Lair:5
    Orc (2/2) D:12            Elf (0/3) Orc:2       Ossuary (visited)
 Vaults: D:13-14

Altars:
Ashenzari
Elyvilon
Fedhas
Gozag
Okawaru
Qazlal
Sif Muna
Trog
Vehumet
Wu Jian
Jiyva

Shops:
D:2 [[   D:10 !   Orc:1 (   Orc:2 (:[*

Portals:
Abyss: Orc:1
Trove: D:10 (give 8 potions of haste)

Annotations:
D:4 Blork the orc
D:7 3 runed translucent doors
Lair:5 3 runed translucent doors, Jesminib's ghost, journeyman HOSh; Lefae's ghost, journeyman DsSh; Skeral's ghost, journeyman TrCK
Orc:1 2 transporters, Nesh's ghost, journeyman OpSh


Innate Abilities, Weirdness & Mutations

You have a beak for a mouth.
You have claws for feet.
Your magical flight helps you evade attacks. (EV +4)
You can magically evade attacks while moving or waiting.


Message History

Casting: Plasma Beam (dangerous; 1% risk of failure)
Confirm with . or Enter, or press ? or * to list all spells.
Casting: Plasma Beam (dangerous; 1% risk of failure)
Press: ? - help, Dir - look around, f - activate The bolt of lightning hits the seven-headed hydra!!!
The seven-headed hydra is severely wounded.
You hear a hideous shriek!
You hear a shout!
The seven-headed hydra is engulfed in a cloud of scalding steam.
You kill the seven-headed hydra!
Vehumet accepts your kill.
You feel your power returning.
Your Armour skill increases to level 3!
There is a stone staircase leading up here.
A bunyip comes into view.
A swamp dragon comes into view.
Casting: Plasma Beam (dangerous; 1% risk of failure)
Confirm with . or Enter, or press ? or * to list all spells.
Okay, then.
Press: ? - help, v - describe, . - travel
Here: a bunyip Some shallow water.
Targeting interrupted by HUP signal.
Your Alchemy skill decreases to level 5!
Welcome back, FIREandBLOOD the Tengu Conjurer.
Vehumet says: Let it end in hellfire!
Press ? for a list of commands and other information.
Unknown command.
Are you sure you want to abandon this character and quit the game? (Confirm with "yes".)
Okay, then.
Unknown command.
Okay, then.
Unknown command.
Are you sure you want to abandon this character and quit the game? (Confirm with "yes".)
Okay, then.
Unknown command.
Unknown command.
Unknown command.
Are you sure you want to abandon this character and quit the game? (Confirm with "yes".)
Okay, then.
Unknown command.
Are you sure you want to abandon this character and quit the game? (Confirm with "yes".)

♣♣♣♣♣♣ ♣.<♣~♣
♣.~~~♣ ♣♣~.~♣
. ♣♣♣ ♣.♣.♣
§~~~♣..♣♣♣.~~♣
♣§.~~<♣...♣
♣~...~@.~~♣
♣....~~..~~^.♣
~~.~.♣.~.~~x.♣
~~.~.♣~~~~~~.♣
~~..
♣.~~~.~~~~ .~§
♣.♣~D♣♣♣~.~~
♣♣~ ♣♣.~.~
.~.~. ....
.~~.~


You could see a bunyip and a swamp dragon (wandering).

Vanquished Creatures
  Kirke (Lair:4)
  A stone giant (Orc:2)
  Nessos (Orc:2)
  3 ettins
  5 hydras
  3 alligators (Swamp:1)
  2 two-headed ogres
  4 death yaks
  A tengu warrior (D:12)
  Amaemon (D:8)
  2 goliath frogs (Swamp:1)
  An orc knight (Orc:2)
  A lindwurm (Lair:5)
  An ugly thing (D:12)
  13 cyclopes
  Joseph (D:10)
  3 elephants
  2 black mambas
  A rime drake (Lair:4)
  A gargoyle (D:12)
  A cane toad (Lair:3)
  Maggie (D:10)
  An unseen horror (D:10)
  An orange demon (D:8)
  2 kobold demonologists (D:12)
  A komodo dragon (D:12)
  Grinder (D:3)
  A bloated husk (Swamp:1)
  3 trolls
  A polar bear (Lair:2)
  A tyrant leech (Swamp:1)
  A hornet (D:11)
  2 dream sheep (Lair:2)
  5 blink frogs
  5 slime creatures (D:12)
  2 wraiths (D:12)
  25 yaks
  3 vampires
  A basilisk (shapeshifter) (D:12)
  2 hogs (Lair:4)
  A basilisk (Lair:3)
  A steam dragon (D:7)
  6 vampire mosquitoes
  5 swamp worms (Swamp:1)
  3 wargs
  4 acid dragons
  2 nagas (Lair:2)
  16 water moccasins
  3 ice beasts
  14 orc warriors
  5 black bears
  4 ogres
  11 wolves
  2 centaurs
  4 phantoms
  2 kobold brigands
  6 bullfrogs
  5 scorpions
  3 water moccasin zombies (Ossuary)
  10 killer bees
  5 howler monkeys
  3 hounds
  2 jellies
  10 orc priests
  4 iguanas
  2 sleepcaps
  Jessica (D:3)
  Ijyb (D:3)
  10 orc wizards
  3 mummies
  9 gnolls
  8 adders
  A shadow imp (D:6)
  A white imp (D:7)
  2 ufetubi (D:5)
  4 adder zombies (Ossuary)
  5 ribbon worms
  2 dart slugs (D:1)
  53 orcs
  5 ball pythons
  10 endoplasms
  6 giant cockroaches
  9 goblins
  6 hobgoblins
  15 kobolds
  4 quokkas
  7 bats
  4 frilled lizards
  5 gnoll zombies (Ossuary)
  A goblin zombie (D:6)
  4 hobgoblin zombies
  3 kobold zombies (Ossuary)
  4 orc zombies (Ossuary)
  11 rats
435 creatures vanquished.

Vanquished Creatures (collateral kills)
  A catoblepas (Lair:5)
  An alligator (Swamp:1)
  6 death yaks
  A two-headed ogre (Orc:1)
  A deep troll shaman (Lair:5)
  3 skysharks
  3 spriggan druids
  4 elephants
  An ugly thing (D:10)
  2 black mambas
  2 torpor snails
  A rime drake (Lair:5)
  14 cane toads
  5 komodo dragons
  4 polar bears
  2 tyrant leeches (Swamp:1)
  2 hornets (Lair:2)
  4 blink frogs
  A slime creature (D:12)
  A wraith (D:12)
  19 yaks
  2 basilisks
  2 wyverns
  3 hogs (Lair:4)
  4 vampire mosquitoes (D:12)
  2 swamp worms (Swamp:1)
  6 water moccasins
  An orc warrior (Orc:1)
  3 black bears
  11 wolves
  An ogre (Orc:1)
  2 bullfrogs
  2 orc priests (D:12)
  4 orc wizards
  A gnoll (D:12)
  A kobold (D:8)
123 creatures vanquished.

Vanquished Creatures (others)
  42 fulminant prisms
42 creatures vanquished.

Grand Total: 600 creatures vanquished

Notes
Turn   | Place    | Note
-------+----------+-------------------------------------------
     0 | D:1      | FIREandBLOOD the Tengu Conjurer began the quest for the
                  | Orb.
     0 | D:1      | Reached XP level 1. HP: 10/10 MP: 4/4
   147 | D:1      | Reached XP level 2. HP: 15/15 MP: 3/6
   483 | D:1      | Reached XP level 3. HP: 19/19 MP: 5/8
  1081 | D:2      | Identified the ring of Wahid {Wiz rC+ Dex+3 Slay-3}
  1228 | D:2      | Reached XP level 4. HP: 24/24 MP: 5/10
  1768 | D:2      | Learned a level 2 spell: Searing Ray
  1773 | D:2      | Learned a level 4 spell: Fulminant Prism
  1811 | D:2      | Found Sezedgh's Antique Armour Shoppe.
  1858 | D:2      | Found Hunwee's Armour Emporium.
  2369 | D:3      | Noticed Ijyb
  2381 | D:3      | Found an ornate altar of the Wu Jian Council.
  2407 | D:3      | Reached XP level 5. HP: 28/28 MP: 11/11
  2734 | D:3      | Noticed Grinder
  2813 | D:3      | Reached skill level 1 in Fighting
  2960 | D:3      | Noticed Jessica
  2966 | D:3      | Killed Jessica
  2999 | D:3      | Found a shimmering blue altar of Sif Muna.
  3105 | D:3      | Paralysed by Grinder for 3 turns
  3110 | D:3      | Killed Grinder
  3111 | D:3      | Reached skill level 5 in Spellcasting
  3111 | D:3      | Reached XP level 6. HP: 5/36 MP: 2/15
  3475 | D:3      | Gained mutation: Your magical flight helps you evade
                  | attacks. (EV +4) [Tengu growth]
  3475 | D:3      | Reached XP level 7. HP: 39/40 MP: 8/16
  3553 | D:3      | You are sucked into a shaft and drop 3 floors!
  3571 | D:6      | Found a sand-covered staircase.
  3613 | Ossuary  | Entered an ossuary
  4454 | D:6      | Reached skill level 1 in Evocations
  4560 | D:6      | Reached XP level 8. HP: 46/48 MP: 14/18
  4976 | D:5      | Entered Level 5 of the Dungeon
  5029 | D:5      | Reached skill level 5 in Evocations
  5184 | D:3      | Killed Ijyb
  6094 | D:4      | Noticed Blork the orc
  6157 | D:4      | Reached skill level 5 in Dodging
  6157 | D:4      | Reached XP level 9. HP: 52/52 MP: 13/19
  6796 | D:5      | Found a stormy altar of Qazlal.
  6806 | D:5      | Found an iron altar of Okawaru.
  6807 | D:5      | Found a white marble altar of Elyvilon.
  6808 | D:5      | Found an opulent altar of Gozag.
  6809 | D:5      | Found a broken altar of Ashenzari.
  6810 | D:5      | Found a radiant altar of Vehumet.
  6816 | D:5      | Found a blossoming altar of Fedhas.
  6847 | D:5      | Became a worshipper of Vehumet
  7207 | D:5      | Learned a level 4 spell: Summon Lightning Spire
  7234 | D:5      | Reached skill level 1 in Summonings
  7234 | D:5      | Reached skill level 1 in Air Magic
  7390 | D:5      | Reached skill level 2 in Air Magic
  8146 | D:6      | Reached skill level 3 in Air Magic
  8153 | D:6      | Reached * piety under Vehumet
  8153 | D:6      | Offered knowledge of Kiss of Death by Vehumet.
  8177 | D:6      | Found a bloodstained altar of Trog.
  8792 | D:6      | Reached skill level 4 in Air Magic
  9252 | D:7      | Found a runed translucent gate.
  9252 | D:7      | Noticed a polar bear
  9252 | D:7      | Noticed a polar bear
  9253 | D:7      | Found a runed translucent gate.
  9253 | D:7      | Found a runed translucent gate.
  9253 | D:7      | Noticed a polar bear
  9253 | D:7      | Noticed a polar bear
  9304 | D:7      | Found a staircase to the Ecumenical Temple.
  9507 | D:7      | Reached skill level 5 in Air Magic
 10151 | D:8      | Noticed a two-headed ogre
 10265 | D:7      | Reached XP level 10. HP: 40/56 MP: 14/21
 10424 | D:8      | Killed a two-headed ogre
 10425 | D:8      | Reached skill level 5 in Summonings
 10425 | D:8      | Reached skill level 6 in Air Magic
 10921 | D:8      | Reached skill level 7 in Air Magic
 11175 | D:8      | Noticed an orange demon
 11184 | D:8      | Noticed Amaemon
 11196 | D:8      | Killed an orange demon
 11218 | D:8      | Killed Amaemon
 11219 | D:8      | Reached skill level 8 in Air Magic
 11442 | D:7      | Reached ** piety under Vehumet
 11442 | D:7      | Offered knowledge of Sandblast by Vehumet.
 11492 | D:7      | Learned a level 6 spell: Plasma Beam
 11576 | D:7      | Reached skill level 1 in Fire Magic
 11709 | D:8      | Reached XP level 11. HP: 61/61 MP: 10/24
 11958 | D:8      | Found a staircase to the Lair.
 12804 | D:10     | Identified the "Toddiah"
 12804 | D:10     | Entered Level 10 of the Dungeon
 12942 | D:10     | Found a portal to a secret trove of treasure.
 13054 | D:10     | Noticed Joseph
 13115 | Gauntlet | Identified the "Cugur"
 13115 | Lair:1   | Entered Level 1 of the Lair of Beasts
 13495 | Lair:1   | Reached skill level 5 in Fire Magic
 13924 | Lair:1   | Offered knowledge of Scorch by Vehumet.
 13939 | Lair:1   | Reached skill level 9 in Air Magic
 14295 | Lair:1   | Reached skill level 10 in Spellcasting
 14691 | Lair:2   | Found a staircase to the Snake Pit.
 14848 | Lair:2   | Reached XP level 12. HP: 66/66 MP: 24/27
 14869 | Lair:2   | Noticed a five-headed hydra
 14964 | Lair:2   | Reached *** piety under Vehumet
 14965 | Lair:2   | Reached skill level 10 in Air Magic
 15233 | Lair:2   | Noticed a skyshark
 15400 | Lair:2   | Noticed an eight-headed hydra
 15484 | Lair:2   | Killed an eight-headed hydra
 15603 | Lair:2   | Killed a five-headed hydra
 15605 | Lair:2   | Reached skill level 10 in Fire Magic
 15677 | Lair:2   | Learned a level 5 spell: Arcjolt
 15705 | Lair:2   | Offered knowledge of Airstrike by Vehumet.
 15707 | Lair:2   | Reached skill level 11 in Air Magic
 16066 | Lair:2   | Killed a skyshark
 16141 | Lair:2   | Found a staircase to the Swamp.
 16319 | Lair:3   | Noticed a six-headed hydra
 16958 | Lair:3   | Killed a six-headed hydra
 16959 | Lair:3   | Reached skill level 12 in Air Magic
 17480 | Lair:3   | Reached XP level 13. HP: 70/70 MP: 23/29
 17593 | Lair:3   | Reached **** piety under Vehumet
 18201 | Lair:3   | Reached skill level 13 in Air Magic
 18272 | Lair:4   | Offered knowledge of Brom's Barrelling Boulder by Vehumet.
 18626 | Lair:4   | Noticed Kirke
 18796 | Lair:4   | Noticed a sphinx
 18837 | Lair:4   | Killed Kirke
 18913 | Lair:4   | Reached skill level 14 in Air Magic
 19451 | Lair:5   | Entered Level 5 of the Lair of Beasts
 19608 | Lair:5   | Found a runed translucent gate.
 19608 | Lair:5   | Found a runed translucent gate.
 19609 | Lair:5   | Found a runed translucent gate.
 19967 | Lair:5   | Identified the +2 plate armour "Pasirrul" {*Slow rElec
                  | Slay+2}
 20250 | Lair:5   | Reached ***** piety under Vehumet
 20277 | Lair:5   | Offered knowledge of Olgreb's Toxic Radiance by Vehumet.
 20302 | Lair:5   | Learned a level 4 spell: Olgreb's Toxic Radiance
 20416 | Lair:5   | Reached skill level 15 in Air Magic
 20436 | Lair:5   | Reached skill level 1 in Alchemy
 20630 | Lair:5   | Reached XP level 14. HP: 76/76 MP: 14/32
 20783 | Lair:5   | Found a viscous altar of Jiyva.
 20783 | Lair:5   | Found a staircase to the Slime Pits.
 20937 | Lair:5   | Noticed Lefae's ghost (journeyman DsSh)
 20938 | Lair:5   | Noticed Skeral's ghost (journeyman TrCK)
 20938 | Lair:5   | Noticed Jesminib's ghost (journeyman HOSh)
 21954 | D:10     | Found Kotuwuiq's Distillery.
 22057 | D:10     | Reached skill level 5 in Alchemy
 22073 | D:10     | Noticed Maggie
 22080 | D:10     | Killed Maggie
 22105 | D:10     | Killed Joseph
 22987 | D:11     | Reached skill level 5 in Fighting
 24704 | D:12     | Offered knowledge of Freezing Cloud by Vehumet.
 24711 | D:12     | Learned a level 5 spell: Freezing Cloud
 25506 | D:12     | Found a staircase to the Orcish Mines.
 25759 | Orc:1    | Entered Level 1 of the Orcish Mines
 25759 | Orc:1    | Found a transporter.
 25759 | Orc:1    | Found a transporter.
 25776 | Orc:1    | Found Keoxaytapn's Weapon Emporium.
 26021 | Orc:1    | Reached skill level 1 in Ice Magic
 26029 | Orc:1    | Noticed Nesh's ghost (journeyman OpSh)
 26029 | Orc:1    | Noticed a cacodemon
 26283 | Orc:1    | Found a one-way gate to the infinite horrors of the Abyss.
 26373 | Orc:2    | Entered Level 2 of the Orcish Mines
 26403 | Orc:2    | Found Qaicitothi's General Store.
 26917 | Orc:2    | Noticed Nessos
 27007 | Orc:2    | Reached XP level 15. HP: 86/86 MP: 27/33
 27099 | Orc:2    | Found Isacraco's Antique Armour Shop.
 27117 | Orc:2    | Bought a pair of runed gloves for 150 gold pieces
 27374 | Orc:2    | Found Ose Hasi's Book Shop.
 27448 | Orc:2    | Killed Nessos
 27485 | Orc:2    | Found a staircase to the Elven Halls.
 27502 | Orc:2    | Found Giqegur's Antique Weapon Emporium.
 27627 | Orc:2    | Bought a scroll of identify for 32 gold pieces
 28132 | Swamp:1  | Entered Level 1 of the Swamp
 28190 | Swamp:1  | Reached skill level 1 in Armour
 28562 | Swamp:1  | Reached skill level 10 in Dodging
 29025 | Swamp:2  | Reduced skill Alchemy to level 5
 29025 | Swamp:2  | Upgraded the game from 0.31-a0-986-g5e6e4ef867 to
                  | 0.32-a0-607-g64ea0e4219
 29026 | Swamp:2  | Quit the game

Illustrated notes

Levels and vault maps discovered:
D:1:      lightli_iron_boxes, layout_basic
D:2:      minmay_general_purpose_star, layout_loops_cross, serial_shops,
          nicolae_shop_statue_plus, shop, nicolae_grassy_gnolls
D:3:      layout_loops_ring, old_standard_altar, tgw_sif, minmay_pentomino_pile,
          uniq_grinder, uniq_ijyb
D:4:      layout_cave_pools, hangedman_decor_points, minmay_strange_pillars,
          uniq_blork_the_orc
D:5:      layout_basic, nicolae_overflow_hallway_of_the_gods,
          grunt_decor_fettered
D:6:      layout_layer_cave, trog_antimagical, nicolae_ossuary_entry_giza
D:7:      lemuel_bear_cage, layout_rooms, minmay_temple_entry_grid,
          serial_aquarium, aquarium_bridge_island_small
          [aquarium_subvault_small_water, aquarium_subvault_wall,
          aquarium_subvault_wall, aquarium_subvault_bridge,
          aquarium_subvault_wall], aquarium_window_2, aquarium_window_corner,
          aquarium_window_fake, aquarium_view_2d, aquarium_view_2c,
          aquarium_balcony_1a, aquarium_pool_double, item_on_display_a
D:8:      layout_cave_pools, due_lair_maze_entry_diamond, uniq_amaemon
D:9:      layout_rooms, chequers_serial_rivers_micro_b
D:10:     layout_long_grid, enter_trove_0, serial_shops, nicolae_shop_peninsula,
          enter_bailey_3, uniq_joseph, uniq_maggie
D:11:     layout_loops_corners
D:12:     kennysheep_ambush_hall, layout_irregular_city, erik_orc_3
D:13:     layout_basic, lightli_vaults_fourway_checkpoint, nicolae_blasting_shop
Lair:1:   layout_regular_city
Lair:2:   layout_misc_corridors, mainiacjoe_swamp_entry_angry_trees,
          guppyfry_snake_entry_island, chequers_serial_rivers_room_a
Lair:3:   layout_cave_shapes, minmay_shattered_shrine
Lair:4:   layout_long_grid, chequers_serial_rivers_micro_c, minivault_25,
          uniq_kirke
Lair:5:   grunt_lair_end_beastmaster, layout_regular_city,
          dpeg_slime_entry_enclosed, gammafunk_ghost_cemetery,
          gammafunk_lair_bear_cave, infiniplex_staircase_pool_2
Swamp:1:  layout_basic_swamp, nicolae_swamp_dense_foliage, swamp_pool_4,
          nicolae_swamp_fairy_circle
Swamp:2:  layout_falls_marsh, evilmike_swamp_ruin_house_1, swamp_pool_1_2,
          uniq_jorgrun
Orc:1:    layout_caves, gammafunk_ghost_abyssal_escape, serial_shops, shop
Orc:2:    grunt_orc_gardens, layout_diamond_mine, grunt_orc_garden,
          grunt_orc_garden, grunt_orc_garden, grunt_orc_garden, uniq_nessos

Skill      XL: |  1  2  3  4  5  6  7  8  9 10 11 12 13 14 15 |
---------------+----------------------------------------------+-----
Spellcasting   | 3 5 6 7 8 10 11 13 | 13.0
Conjurations   | 6 8 9 |  9.0
Fighting       | 2 4 7 8 |  8.0
Evocations     | 2 6 |  6.3
Dodging        | 5 6 9 10 | 10.0
Summonings     | 4 7 |  7.3
Air Magic      | 5 8 9 12 15 | 15.0
Fire Magic     | 2 8 10 | 10.1
Alchemy        | 2 6 5 |  5.4
Ice Magic      | 3 4 |  4.8
Armour         | 3 |  3.0
Stealth        | |  2.0

Action                     |  1- 3 |  4- 6 |  7- 9 | 10-12 | 13-15 || total
---------------------------+-------+-------+-------+-------+-------++-------
  Melee: Unarmed           |     7 |     2 |       |       |       ||     9
         Kick              |     6 |     4 |     6 |     9 |       ||    25
         Peck              |     1 |     1 |     7 |     8 |       ||    17
         Short sword       |     1 |    13 |    24 |    30 |       ||    68
         Punch             |       |       |     1 |     1 |       ||     2
   Cast: Magic Dart        |    56 |    81 |   171 |   122 |   239 ||   669
         Searing Ray       |       |     7 |    54 |    52 |    10 ||   123
         Fulminant Prism   |       |     1 |    18 |    22 |     1 ||    42
         Summon Lightning  |       |       |     2 |    57 |    89 ||   148
         Plasma Beam       |       |       |       |     7 |   139 ||   146
         Arcjolt           |       |       |       |     6 |    37 ||    43
         Olgreb's Toxic Ra |       |       |       |       |    33 ||    33
  Evoke: Wand              |       |     1 |       |     5 |       ||     6
    Use: Scroll            |       |       |    16 |     3 |     9 ||    28
         Potion            |       |       |       |     9 |     1 ||    10
   Stab: Sleeping          |       |       |     1 |       |       ||     1
         Paralysed         |       |       |       |     6 |       ||     6
 Armour: Robe              |     3 |    10 |    55 |   119 |    87 ||   274
         Skin              |       |       |       |       |    20 ||    20
         Swamp dragon scal |       |       |       |       |     7 ||     7
         Acid dragon scale |       |       |       |       |     3 ||     3
  Dodge: Dodged            |     7 |    25 |   267 |   294 |   214 ||   807
  Block: Other             |       |       |       |       |     1 ||     1

Table legend: (Time is in decaauts)
 A = Elapsed time spent in this place.
 B = Non-inter-level travel time spent in this place.
 C = Inter-level travel time spent in this place.
 D = Time resting spent in this place.
 E = Time spent auto-exploring this place.
 F = Levels seen in this place.
 G = Mean time per level.
                   A        B        C        D        E       F      G
               +--------+--------+--------+--------+--------+-----+--------+
         Total |  29006 |  27292 |   1714 |   8541 |  10837 |  23 | 1261.1 |
       Dungeon |  16630 |  15470 |   1160 |   4926 |   6048 |  13 | 1279.2 |
          Lair |   8729 |   8330 |    399 |   2482 |   3222 |   5 | 1745.8 |
         Swamp |    893 |    851 |     42 |    137 |    525 |   2 |  446.5 |
  Orcish Mines |   2035 |   1923 |    112 |    596 |    861 |   2 | 1017.5 |
       Ossuary |    717 |    717 |      0 |    400 |    181 |   1 |  717.0 |
               +--------+--------+--------+--------+--------+-----+--------+

Top non-repeatable levels by time:
  Lair:5: 2172 daAuts
     D:6: 2074 daAuts
     D:7: 1998 daAuts
  Lair:3: 1962 daAuts
  Lair:1: 1772 daAuts
     D:3: 1730 daAuts
  Lair:2: 1604 daAuts
    D:12: 1518 daAuts
    D:10: 1409 daAuts
     D:2: 1397 daAuts
     D:5: 1318 daAuts
  Lair:4: 1217 daAuts
    D:11: 1178 daAuts
   Orc:1: 1082 daAuts
     D:4: 1079 daAuts
